 Dungeon Crawl Stone Soup version 0.23.2-33-g5129a83184 (webtiles) character file.

Game seed: 12175232375192220957

1942 psyvane the Magician (level 9, -3/51 HPs)
             Began as an Octopode Venom Mage on July 19, 2019.
             Was a Follower of Sif Muna.
             Slain by a killer bee (8 damage)
             ... on level 5 of the Dungeon.
             The game lasted 00:27:26 (7117 turns).

psyvane the Magician (Octopode Venom Mage)          Turns: 7117, Time: 00:27:26

Health: -3/51      AC:  1    Str:  7    XL:     9   Next: 18%
Magic:  1/20       EV: 13    Int: 20    God:    Sif Muna [*.....]
Gold:   329        SH:  0    Dex: 13    Spells: 10/22 levels left

rFire    . . .     SeeInvis .   s - +2 falchion (protect)
rCold    . . .     Gourm    .   (no shield)
rNeg     + . .     Faith    .   u - +0 hat
rPois    +         Spirit   .   (no amulet)
rElec    .         Reflect  .   j - ring of protection from magic
rCorr    .         Harm     .   B - ring of poison resistance
MR       +....                  t - ring of positive energy
Stlth    +++.......             (no ring)
HPRegen  0.17/turn              (no ring)
MPRegen  0.17/turn              (no ring)
                                (no ring)
                                (no ring)

@: lethally poisoned (-3 -> -4), about to teleport, very slightly contaminated
A: almost no armour, stealthy swim, amphibious, 8 rings, constrict 8, camouflage
1, gelatinous body 1
a: Divine Energy, Renounce Religion


You were on level 5 of the Dungeon.
You worshipped Sif Muna.
Sif Muna was aware of your devotion.
You were hungry.

You visited 2 branches of the dungeon, and saw 6 of its levels.

You collected 329 gold pieces.

Inventory:

Hand Weapons
 a - a +0 dagger
 s - a +2 falchion of protection (weapon)
 x - a +3 trident
Missiles
 g - 3 tomahawks (quivered)
 q - 57 poisoned needles
Armour
 u - a +0 hat (worn)
 y - a +0 shield
Magical Staves
 A - an uncursed staff of fire
Jewellery
 j - a ring of protection from magic (left tentacle)
 t - a ring of positive energy (on tentacle)
 B - a ring of poison resistance (right tentacle)
Wands
 z - a wand of polymorph (12)
 C - a wand of scattershot (1)
Scrolls
 c - 5 scrolls of remove curse
 d - a scroll of noise {unknown}
 i - 2 scrolls of teleportation
 k - a scroll of blinking {unknown}
 m - a scroll of magic mapping {unknown}
 o - a scroll of random uselessness {unknown}
 p - 3 scrolls of fear {unknown}
 r - 2 scrolls of amnesia {unknown}
Potions
 e - a potion of lignification
 f - a potion of agility {unknown}
 h - 2 potions of might
 l - 2 potions of mutation
 n - 3 potions of flight
 v - a potion of degeneration {unknown}
 w - a potion of resistance {unknown}
 D - a potion of curing {unknown}
 E - a potion of heal wounds {unknown}
Comestibles
 b - 10 rations


   Skills:
 - Level 2.0 Dodging
 - Level 2.6 Stealth
 * Level 7.3 Spellcasting
 - Level 7.2 Conjurations
 - Level 6.7 Poison Magic
 + Level 1.2 Evocations


You had 10 spell levels left.
You knew the following spells:

 Your Spells              Type           Power        Failure   Level  Hunger
a - Sting                 Conj/Pois      ####         1%          1    None
b - Poisonous Vapours     Pois/Air       ###...       3%          2    None
c - Olgreb's Toxic Radia  Pois           ####....     6%          4    ###....
d - Venom Bolt            Conj/Pois      #####.....   14%         5    #####..

Your spell library contained the following spells:

 Spells                   Type           Power        Failure   Level  Hunger
 Mephitic Cloud           Conj/Pois/Air  ####....     4%          3    #......
 Dazzling Spray           Conj/Hex       ###...       6%          3    #......
 Corona                   Hex            #......      9%          1    None
 Ensorcelled Hibernation  Hex/Ice        #.....       14%         2    None
 Confuse                  Hex            #.......     26%         3    #......
 Tukima's Dance           Hex            #.......     26%         3    #......


Dungeon Overview and Level Annotations

Branches:
Dungeon (5/15)             Temple (1/1) D:5

Altars:
Cheibriados
Dithmenos
Elyvilon
Fedhas
Gozag
Hepliaklqana
Kikubaaqudgha
Makhleb
Nemelex Xobeh
Okawaru
Qazlal
Ru
Sif Muna
Trog
Uskayaw
Vehumet
Wu Jian
Yredelemnul
Zin
The Shining One

Annotations:
D:5 1 runed translucent door


Innate Abilities, Weirdness & Mutations

You cannot wear most types of armour.
You are very stealthy in the water. (Stealth+)
You are amphibious.
You can wear up to eight rings at the same time.
You can use your tentacles to constrict eight enemies at once.
Your skin changes colour to match your surroundings (Stealth+).
Your rubbery body absorbs attacks. (AC +1, EV +1)


Message History

Aim: a killer bee (lightly wounded, poisoned) Poisonous vapours surround the killer bee!
The killer bee is engulfed in poison gas.
The killer bee is poisoned.
The killer bee looks even sicker.
The killer bee misses you.
As you read the scroll of teleportation, it crumbles to dust.
You feel strangely unstable. The killer bee stings you.
* * * LOW HITPOINT WARNING * * *
The killer bee stings you but does no damage.
The killer bee closely misses you.
You riposte.
You miss the killer bee.
The killer bee buzzes angrily.
Your grab misses the killer bee.
The killer bee is moderately wounded.
You feel sick. The killer bee closely misses you.
You see here a water moccasin skeleton.
The killer bee stings you.
* * * LOW HITPOINT WARNING * * *
Okay, then.
The killer bee stings you!
You die...

#.####...)..#................
#...........#................
#####.#..######..........##......
.)......##....##.........#.......
##..#..##'.....#..####...........
###...##.#.....##.......###......
....###y.##††y..#...#..## ##.....
.####.....###÷###...##.####......
##)+......#(.yyy@......#....P.P..
.####.....###'###............>...
....###..##.....#.#..#...#..P.P..
###...##.#.....##..>.#####......#
###..##+.....#...### #####...
##..##....##..## ####
##..######....# # ##...........##
#####........##


You could see 3 killer bees.

Vanquished Creatures
  4 soldier ants (D:5)
  2 water moccasins (D:5)
  2 ogres (D:4)
  A scorpion (D:4)
  6 killer bees (D:5)
  A howler monkey (D:4)
  A crimson imp (D:5)
  5 orc wizards
  2 hounds
  A jelly (D:5)
  An orc priest (D:5)
  Terence (D:3)
  An iguana (D:4)
  5 worker ants
  A hound skeleton (D:5)
  Robin (D:4)
  4 gnolls (D:2)
  13 adders
  An ooze (D:2)
  2 worms
  2 dart slugs
  5 leopard geckos
  16 orcs
  3 bats (D:3)
  7 giant cockroaches
  16 goblins
  4 hobgoblins
  4 jackals
  4 quokkas
  2 ball pythons
  7 frilled lizards
  8 kobolds
  A rat (D:1)
134 creatures vanquished.

Vanquished Creatures (others)
  A human (D:3)
1 creature vanquished.

Grand Total: 135 creatures vanquished

Notes
Turn   | Place    | Note
-------+----------+-------------------------------------------
     0 | D:1      | psyvane the Octopode Venom Mage began the quest for the
                  | Orb.
     0 | D:1      | Reached XP level 1. HP: 11/11 MP: 3/3
   180 | D:1      | Reached XP level 2. HP: 17/17 MP: 3/5
   184 | D:1      | Learned a level 2 spell: Poisonous Vapours
   861 | D:2      | Reached skill level 5 in Poison Magic
   861 | D:2      | Reached XP level 3. HP: 20/21 MP: 1/6
  1789 | D:2      | Reached XP level 4. HP: 27/27 MP: 4/7
  1795 | D:2      | Learned a level 4 spell: Olgreb's Toxic Radiance
  2358 | D:2      | Reached XP level 5. HP: 31/31 MP: 1/8
  2588 | D:3      | Found a glowing golden altar of the Shining One.
  3077 | D:3      | Noticed Terence
  3085 | D:3      | Killed Terence
  3085 | D:3      | Reached XP level 6. HP: 33/36 MP: 2/9
  3531 | D:3      | Found an ancient bone altar of Kikubaaqudgha.
  3532 | D:3      | Noticed a human
  3534 | D:3      | Killed a human
  3550 | D:3      | Found a basalt altar of Yredelemnul.
  3551 | D:3      | Found a burning altar of Makhleb.
  3834 | D:4      | Noticed a phantom
  3870 | D:4      | Noticed Robin
  3889 | D:4      | Killed Robin
  4460 | D:4      | Found an iron altar of Okawaru.
  4461 | D:4      | Found a blossoming altar of Fedhas.
  4476 | D:4      | Reached skill level 5 in Conjurations
  4476 | D:4      | Reached XP level 7. HP: 26/41 MP: 2/10
  5881 | D:5      | Entered Level 5 of the Dungeon
  6363 | D:5      | Reached XP level 8. HP: 46/46 MP: 11/11
  6400 | D:5      | Found a staircase to the Ecumenical Temple.
  6430 | Temple   | Entered the Ecumenical Temple
  6470 | Temple   | Became a worshipper of Sif Muna the Loreminder
  6631 | D:5      | Learned a level 5 spell: Venom Bolt
  6737 | D:5      | Found the +9 staff of Olgreb {rPois}
  6743 | D:5      | Found a runed translucent door.
  6757 | D:5      | Found a runed translucent door.
  6762 | D:5      | Found a runed translucent gate.
  6762 | D:5      | Found a runed translucent gate.
  6783 | D:5      | Found a runed translucent gate.
  6867 | D:5      | Reached skill level 5 in Spellcasting
  6869 | D:5      | Reached * piety under Sif Muna
  6877 | D:5      | Reached XP level 9. HP: 23/51 MP: 1/19
  7107 | D:5      | Reached skill level 1 in Evocations
  7117 | D:5      | Slain by a killer bee

Skill      XL: |  1  2  3  4  5  6  7  8  9 |
---------------+----------------------------+-----
Poison Magic   | 4 5 6 |  6.7
Conjurations   | 3 5 7 |  7.2
Spellcasting   | 6 7 |  7.3
Evocations     | 1 |  1.2
Dodging        | |  2.0
Stealth        | |  2.6

Action                   |  1- 3 |  4- 6 |  7- 9 || total
-------------------------+-------+-------+-------++-------
Melee: Dagger            |    17 |    17 |       ||    34
       Constrict         |     4 |    14 |    14 ||    32
       Unarmed           |     1 |       |       ||     1
       Tentacles         |     3 |    10 |    10 ||    23
       Falchion          |       |    55 |    56 ||   111
 Cast: Sting             |    45 |    64 |     7 ||   116
       Poisonous Vapours |       |    20 |    34 ||    54
       Olgreb's Toxic Ra |       |     4 |     8 ||    12
Evoke: Wand              |       |       |     4 ||     4
  Use: Scroll            |     4 |     2 |     4 ||    10
       Potion            |       |     1 |       ||     1
 Stab: Sleeping          |       |     4 |     1 ||     5
  Eat: Chunk             |     3 |    10 |     9 ||    22
       Ration            |       |       |     1 ||     1
Armor: Skin              |       |    19 |    14 ||    33
Dodge: Dodged            |    13 |    66 |    58 ||   137
       Rpst.: Falchion   |       |    17 |    20 ||    37
